Map: Lightshade LE

Players

DPGCure (Cure) - Winner!

  • Race: Terran Terran
  • League: Master

DPGZest (Zest)

  • Race: Protoss Protoss

Event: TSL 7

VOD

Have the link to the VOD?

Description

Time

  • Played on: June 27, 2021, 10:53 a.m.
  • Length: 11:59

All games in this series

Show
View Real Time Build Order
Export as new Build Order

DPGCure Terran - Winner!

Build Orders: 1/1/1 

Get SALT Encoding   

  12  0:00  SCV  
  13  0:12  SCV  
  14  0:17  Supply Depot  
  14  0:24  SCV  
  14  0:27  Refinery  
  15  0:39  SCV  
  16  0:44  Barracks  
  16  0:51  SCV  
  17  1:03  SCV  
  18  1:15  SCV  
  19  1:31  Orbital Command  
  19  1:32  Marine  
  20  1:34  Factory  
  20  1:46  Supply Depot  
  20  1:50  Barracks Reactor  
  20  1:57  SCV  
  21  2:09  SCV  
  22  2:20  Supply Depot  
  22  2:21  SCV  
  23  2:24  Starport  
  23  2:29  Hellion x2  
  27  2:32  Marine  
  27  2:34  SCV  
  29  2:44  Supply Depot  
  29  2:46  SCV  
  29  2:51  Hellion x2  
  34  2:57  Marine  
  35  3:00  Medivac  
  37  3:12  Command Center  
  37  3:17  SCV  
  38  3:20  Refinery  
  38  3:22  Marine x2  
  38  3:24  Factory Tech Lab  
  40  3:30  Supply Depot  
  40  3:33  SCV  
  41  3:40  Marine x2  
  43  3:45  SCV  
  42  3:51  Cyclone  
  42  3:57  SCV  
  42  3:59  Marine x2  
  42  4:10  SCV  
  42  4:12  Barracks  
  42  4:18  Marine x2  
  42  4:23  Cyclone, SCV  
  48  4:30  Orbital Command  
  47  4:36  SCV  
  46  4:42  Marine  
  49  4:48  SCV  
  46  5:00  SCV x2, Barracks  
  46  5:01  Marine x2  
  46  5:02  Starport Reactor  
  46  5:05  Factory Tech Lab, Stimpack  
  46  5:06  Marine  
  51  5:14  SCV, Engineering Bay  
  51  5:15  SCV  
  51  5:19  Marine x2  
  55  5:24  Marine  
  55  5:27  SCV x2, Supply Depot  
  58  5:30  Factory Reactor  
  58  5:39  SCV x2, Terran Infantry Weapons Level 1  
  58  5:40  Marine x2  
  58  5:42  Marine  
  62  5:43  Medivac  
  62  5:47  Missile Turret  
  64  5:53  Medivac  
  64  5:55  SCV x2  
  64  5:56  Missile Turret  
  68  5:57  Marine  
  68  6:01  Supply Depot  
  69  6:05  Combat Shield  
  69  6:08  SCV x2  
  69  6:09  Refinery  
  71  6:14  Marine x3  
  71  6:16  Marine  
  75  6:24  SCV x2  
  75  6:25  Medivac  
  79  6:32  Marine x3  
  79  6:34  Marine, Supply Depot  
  79  6:38  Widow Mine  
  79  6:39  Supply Depot  
  85  6:41  SCV  
  86  6:52  Supply Depot  
  86  6:53  Concussive Shells  
  86  6:56  Widow Mine, SCV, Marauder x2  
  86  6:58  Supply Depot  
  86  7:01  Medivac  
  95  7:03  Widow Mine  
  95  7:06  SCV  
  98  7:09  SCV, Supply Depot  
  99  7:17  Marine  
  99  7:18  Marauder x2, Marine  
  99  7:21  SCV x2  
  106  7:27  Widow Mine x2  
  109  7:35  Medivac  
  108  7:39  Marauder x2  
  108  7:42  Refinery, Marine  
  112  7:47  Missile Turret  
  111  8:01  Marauder x2, Marine x2  
  117  8:08  Widow Mine x2, Medivac  
  123  8:14  Supply Depot  
  123  8:15  Supply Depot  
  123  8:17  Terran Infantry Armor Level 1  
  123  8:22  Marauder  
  123  8:25  Marine  
  126  8:35  Marine  
  126  8:36  Widow Mine x2, Marauder  
  133  8:43  Marauder  
  133  8:46  Medivac  
  137  8:51  Command Center  
  137  8:57  Widow Mine x2  
  141  9:03  Supply Depot  
  141  9:05  Supply Depot  
  141  9:09  Marauder  
  142  9:21  Supply Depot  
  142  9:24  Marine x2, Medivac  
  142  9:25  Marauder, Supply Depot  
  148  9:32  Marauder  
  148  9:35  Widow Mine  
  148  9:37  Orbital Command  
  142  9:46  Marauder  
  90  10:12  Barracks Tech Lab  
  77  10:19  Marauder  
  71  10:29  Orbital Command  
  71  10:38  Missile Turret  
  71  10:40  Marine  
  71  10:41  Marauder  
  72  10:46  Marine x2  
  73  10:55  SCV  
  74  11:02  Marauder  
  73  11:09  Marine  
  72  11:11  SCV  
  73  11:19  Marine x2  
  97  11:25  Medivac  
  75  11:29  Marine  
  78  11:37  Marine x2  
  78  11:39  Marine  
Show
View Real Time Build Order
Export as new Build Order

DPGZest Protoss 

Build Orders: 1 Gate Expand, Oracle Opening, Phoenix Opening 

Get SALT Encoding   

  12  0:00  Probe  
  13  0:12  Probe  
  14  0:17  Pylon  
  14  0:24  Probe (Chrono Boost)  
  15  0:36  Probe (Chrono Boost), Gateway  
  16  0:44  Probe (Chrono Boost)  
  16  0:46  Assimilator  
  17  0:51  Probe  
  18  1:03  Probe  
  19  1:15  Probe  
  20  1:23  Cybernetics Core  
  20  1:34  Nexus  
  20  1:36  Probe  
  21  1:44  Pylon  
  21  1:48  Probe  
  21  1:52  Assimilator  
  22  1:59  Adept (Chrono Boost)  
  22  2:00  Probe  
  25  2:12  Probe  
  26  2:19  Stargate  
  26  2:23  Adept (Chrono Boost)  
  26  2:24  Probe  
  29  2:32  Warp Gate  
  29  2:36  Probe  
  30  2:46  Probe  
  30  2:49  Probe  
  30  2:50  Adept (Chrono Boost)  
  32  2:58  Probe  
  35  3:01  Probe  
  35  3:02  Oracle (Chrono Boost)  
  35  3:05  Pylon  
  39  3:10  Probe  
  40  3:13  Probe, Adept  
  40  3:19  Gateway  
  43  3:25  Probe x2  
  45  3:30  Phoenix (Chrono Boost)  
  47  3:35  Pylon  
  47  3:37  Probe x2  
  49  3:47  Phoenix  
  40  3:49  Probe  
  38  3:57  Probe (Chrono Boost)  
  38  4:08  Probe (Chrono Boost)  
  38  4:09  Probe (Chrono Boost)  
  40  4:12  Phoenix  
  40  4:16  Probe (Chrono Boost)  
  43  4:17  Probe (Chrono Boost)  
  44  4:28  Probe x2 (Chrono Boost)  
  46  4:40  Probe (Chrono Boost)  
  46  4:41  Twilight Council  
  46  4:45  Probe (Chrono Boost)  
  48  4:47  Probe (Chrono Boost)  
  48  4:51  Probe (Chrono Boost), Assimilator x2  
  51  5:00  Probe (Chrono Boost)  
  51  5:03  Probe (Chrono Boost)  
  52  5:08  Probe (Chrono Boost)  
  52  5:09  Probe (Chrono Boost), Shield Battery  
  52  5:14  Pylon  
  54  5:18  Probe  
  54  5:19  Probe  
  56  5:22  Dark Shrine  
  56  5:23  Charge (Chrono Boost)  
  56  5:30  Probe  
  56  5:31  Probe, Pylon  
  58  5:42  Probe  
  59  5:49  Gateway x2  
  59  5:54  Gateway  
  59  5:56  Gateway  
  59  6:06  Probe x2  
  61  6:12  Gateway  
  61  6:13  Gateway  
  61  6:17  Pylon  
  61  6:36  Shield Battery  
  61  6:38  Pylon  
  61  6:39  Shadow Stride (Chrono Boost)  
  61  6:48  Dark Templar x5  
  71  7:00  Pylon  
  71  7:13  Stalker x3  
  77  7:21  Zealot x3  
  77  7:22  Zealot  
  79  7:31  Stalker  
  76  7:39  Zealot x3  
  80  7:46  Zealot x3  
  82  7:51  Dark Templar  
  84  8:06  Zealot  
  84  8:07  Zealot x3  
  92  8:14  Dark Templar x2  
  96  8:21  Zealot  
  98  8:44  Dark Templar x2  
  102  8:50  Nexus  
  102  8:51  Pylon  
  102  8:55  Pylon  
  101  9:17  Dark Templar x6  
  101  9:23  Zealot x2  
  117  9:37  Archon  
  117  9:38  Archon  
  103  9:48  Dark Templar  
  103  9:49  Dark Templar  
  85  10:11  Zealot x2  
  85  10:12  Zealot x3  
  55  10:36  Dark Templar x2  
  59  10:56  Zealot x4  
  59  11:07  Archon  
  53  11:13  Dark Templar x4  
  57  11:20  Dark Templar  
  59  11:32  Dark Templar x2  
Tags
 
Add a new tag
Caveats
  • Supply blocks, unpowered buildings, or Contaminate may cause inaccurate times.
  • Supply counts are checked every 10 seconds.